cohdb
Replays
Latest Replays
All Replays
Popular Replays
Top Player Replays
Match Explorer
How It Works
Community
CoH3 Stats
Reddit
Sign in to upload your games and track your stats! →
Sign in with Steam
Match 45891251
Unlisted
Match 45891251
Overview
Messages
Build Orders
End
Engineer Squad
Construct Barracks
Selects Armored Battlegroup
Selects Veteran Crews
1⁄4-ton 4x4 Truck
Riflemen Squad
Riflemen Squad
Infantry Support Center
Riflemen Squad
Construct Motor Pool
Selects Fast Deploy
M8 Greyhound Armored Car
Grenade Package
Construct Medical Station
M8 Greyhound Armored Car
M1918 Browning Automatic Rifles
M1 Anti-tank Gun Team
Nostalgi@
Lemon
0
0
Comments
sign in to comment!
No comments posted yet!